 Dungeon Crawl Stone Soup version 0.27-a0-637-g3a9f0a9c12 (webtiles) character file.

Game seed: 7996036482664389672

14 snetch the Chopper (level 2, -4/27 HPs)
             Began as a Minotaur Berserker on Mar 14, 2021.
             Was a Follower of Trog.
             Slain by a hobgoblin
             ... wielding a +0 club
              (7 damage)
             ... on level 3 of the Dungeon.
             The game lasted 00:00:35 (127 turns).

snetch the Chopper (Minotaur Berserker)              Turns: 127, Time: 00:00:35

Health: -4/27      AC:  2    Str: 21    XL:     2   Next: 31%
Magic:  1/1        EV: 12    Int:  4    God:    Trog [*.....]
Gold:   39         SH:  0    Dex:  9    Spells: 1/1 levels left

rFire    . . .     SeeInvis .   a - +0 hand axe
rCold    . . .     Faith    .   (no shield)
rNeg     . . .     Spirit   .   b - +0 animal skin
rPois    .         Reflect  .   (helmet restricted)
rElec    .         Harm     .   (no cloak)
rCorr    .         Rampage  .   (no gloves)
Will     .....                  (no boots)
Stlth    +.........             (no amulet)
HPRegen  0.09/turn              (no ring)
MPRegen  0.07/turn              (no ring)

@: lethally poisoned (-4 -> -6)
A: horns 2, retaliatory headbutt
a: Renounce Religion, Berserk


You were on level 3 of the Dungeon.
You worshipped Trog.
Trog was aware of your devotion.
You visited 1 branch of the dungeon, and saw 3 of its levels.

You collected 39 gold pieces.

Inventory:

Hand Weapons
 a - a +0 hand axe (weapon)
Missiles
 d - 17 bolts
Armour
 b - a +0 animal skin (worn)
Potions
 c - 2 potions of curing {unknown}


   Skills:
 + Level 4.0 Fighting
 + Level 4.0 Axes
 + Level 2.5 Armour
 + Level 2.3 Dodging


You had one spell level left.
You didn't know any spells.
Your spell library was empty.

Dungeon Overview and Level Annotations

Branches:
Dungeon (3/15)

Altars:


Innate Abilities, Weirdness & Mutations

You have a pair of horns on your head.
You reflexively headbutt those who attack you in melee.


Message History

There is a stone staircase leading down here.
You climb downwards.
An adder comes into view.
Found 17 bolts.
Found a stone staircase leading down.
There is a stone staircase leading up here.
The adder hisses angrily.
The adder bites you.
You are poisoned.
The adder poisons you! The adder bites you.
You hit the adder but do no damage. You headbutt the adder!
The adder is severely wounded.
You feel sick. The adder bites you.
You miss the adder. Your headbutt misses the adder.
The adder is severely wounded.
The adder barely misses you. You furiously retaliate!
You headbutt the adder!
You kill the adder!
Trog accepts your kill.
Your Fighting skill increases to level 4!
Your Axes skill increases to level 4!
You have reached level 2!
You feel sick.
You see here 17 bolts.
d - 17 bolts You feel sick.
There is a stone staircase leading down here.
You climb downwards.
A hobgoblin comes into view. It is wielding a +0 club.
The hobgoblin shouts!
Found five items.
Found an escape hatch in the ceiling and an escape hatch in the floor.
Found a stone staircase leading up.
There is a stone staircase leading up here.
Okay, then.
You feel sick.
You closely miss the hobgoblin. The hobgoblin hits you with a +0 club.
* * * LOW HITPOINT WARNING * * *
You barely miss the hobgoblin. You headbutt the hobgoblin.
The hobgoblin is almost dead.
The hobgoblin hits you with a +0 club!
You die...

#.............
.............##
.......[......
#...........#
#...!.......#
##....$...#.###
#.............#
#.....g@<..#
#.?....<(..#
#...<......#
#.>........#
##........##
##......##
...###### ...


You could see a hobgoblin.

Vanquished Creatures
  An adder (D:2)
  2 goblins (D:1)
  A hobgoblin (D:1)
  A bat (D:1)
  A rat (D:1)
6 creatures vanquished.

Notes
Turn   | Place    | Note
-------+----------+-------------------------------------------
     0 | D:1      | snetch the Minotaur Berserker began the quest for the Orb.
     0 | D:1      | Reached XP level 1. HP: 19/19 MP: 0/0
   117 | D:2      | Reached XP level 2. HP: 9/27 MP: 1/1
   127 | D:3      | Slain by a hobgoblin

Illustrated notes

Levels and vault maps discovered:
D:1:      moated_graveyard_arrival, layout_basic, serial_park_tiny_2
D:2:      layout_loops_ring, serial_rivers, chequers_serial_rivers_large_a,
          chequers_serial_rivers_marsh, chequers_serial_rivers_micro_a,
          chequers_serial_rivers_room_b, chequers_serial_rivers_micro_d,
          dk_xom_monty_hall
D:3:      layout_rooms, tgw_kikubaaqudgha, uniq_jessica

Skill      XL: |  1 |
---------------+----+-----
Fighting       | 4 |  4.0
Axes           | 4 |  4.0
Armour         | |  2.5
Dodging        | |  2.3

Action                   || total
-------------------------++-------
Melee: Hand axe          ||    10
       Headbutt          ||     2
Armor: Animal skin       ||     2
Dodge: Dodged            ||     8

Table legend: (Time is in decaauts)
 A = Elapsed time spent in this place.
 B = Non-inter-level travel time spent in this place.
 C = Inter-level travel time spent in this place.
 D = Time resting spent in this place.
 E = Time spent auto-exploring this place.
 F = Levels seen in this place.
 G = Mean time per level.
                   A        B        C        D        E       F      G
               +--------+--------+--------+--------+--------+-----+--------+
         Total |    127 |    127 |      0 |      0 |     47 |   3 |   42.3 |
       Dungeon |    127 |    127 |      0 |      0 |     47 |   3 |   42.3 |
               +--------+--------+--------+--------+--------+-----+--------+

Top non-repeatable levels by time:
     D:1: 112 daAuts
     D:2: 10 daAuts
     D:3: 3 daAuts
